 Dungeon Crawl Stone Soup version 0.23.1 (webtiles) character file.

Game seed: 12505017312551649248

4947 nuthulu the Nimble (level 10, -1/66 HPs)
             Began as a Kobold Berserker on Mar 2, 2019.
             Was a Believer of Trog.
             Slain by a vampire (10 damage)
             ... on level 10 of the Dungeon.
             The game lasted 00:18:54 (12550 turns).

nuthulu the Nimble (Kobold Berserker)              Turns: 12550, Time: 00:18:55

Health: -1/66      AC: 15    Str: 23    XL:     10   Next: 82%
Magic:  10/10      EV: 14    Int:  9    God:    Trog [**....]
Gold:   456        SH:  0    Dex: 14    Spells: 9/9 levels left

rFire    + . .     SeeInvis .   t - +0 morningstar
rCold    . . .     Gourm    .   (shield restricted)
rNeg     . . .     Faith    .   k - +2 plate armour
rPois    .         Spirit   .   a - +0 helmet (curse)
rElec    .         Reflect  .   b - +0 cloak
rCorr    .         Harm     .   (no gloves)
MR       ++...                  (no boots)
Stlth    ..........             v - amulet of the acrobat
HPRegen  1.21/turn              i - ring of protection from fire
MPRegen  0.12/turn              (no ring)

@: mighty, regenerating
A: small, carnivore
a: Berserk, Trog's Hand, Renounce Religion


You were on level 10 of the Dungeon.
You worshipped Trog.
Trog was pleased with you.
You were very full.

You visited 1 branch of the dungeon, and saw 10 of its levels.
You also visited: Ossuary.

You collected 456 gold pieces.

Inventory:

Hand Weapons
 t - a +0 morningstar (weapon)
 u - a +1 whip of freezing
Armour
 a - a cursed +0 helmet (worn)
 b - a +0 cloak (worn)
 k - a +2 plate armour (worn)
Jewellery
 i - a ring of protection from fire (left hand)
 v - an amulet of the acrobat (around neck)
Wands
 y - a wand of iceblast (10)
 z - a wand of disintegration (15)
 A - a wand of flame (19)
Scrolls
 l - 6 scrolls of teleportation
 p - 6 scrolls of remove curse
 r - 2 scrolls of amnesia
 s - 2 scrolls of magic mapping
 w - 2 scrolls of identify
 x - 2 scrolls of fear
Potions
 d - a potion of magic
 e - 3 potions of agility
 f - a potion of berserk rage
 g - a potion of heal wounds
 h - 2 potions of lignification
 j - 7 potions of curing
 m - a potion of might
 n - a potion of haste
 o - 2 potions of invisibility
 q - a potion of ambrosia
 C - a potion of flight
Comestibles
 c - 26 rations
 B - 2 chunks of flesh


   Skills:
 + Level 9.4 Fighting
 * Level 9.6 Maces & Flails
 - Level 1.8 Armour
 + Level 9.9 Dodging


You had 9 spell levels left.
You didn't know any spells.
Your spell library was empty.

Dungeon Overview and Level Annotations

Branches:
Dungeon (10/15)            Temple (0/1) D:4            Lair (0/6) D:9
    Orc: D:9-12

Altars:
Cheibriados
Trog
Vehumet

Annotations:
D:9 2 transporters, exclusion: 2 oklob plants, Porterhouse's ghost, novice OpAs


Innate Abilities, Weirdness & Mutations

You are small and have problems with some larger weapons.
You are carnivorous and can eat meat at any time.


Message History

Okay, then.
You feel better. Something hits you!
* * * LOW HITPOINT WARNING * * *
Something bites you but does no damage.
You feel much better. Something hits you. Something bites you!
Something draws strength from your injuries!
You feel very mighty all of a sudden. Something hits you but does no damage.
Something bites you but does no damage.
You miss something. Something hits you!
* * * LOW HITPOINT WARNING * * *
Something bites you.
* * * LOW HITPOINT WARNING * * *
Something draws strength from your injuries!
You miss something. Something hits you.
* * * LOW HITPOINT WARNING * * *
Something bites you.
* * * LOW HITPOINT WARNING * * *
Something draws strength from your injuries!
You sock something! Something hits you!
You die...

#.+ #.# #.# #.#
#.# #.# #.# #{#
#@# #.# #.#.#
#.# #.#.# #.#
#.#.# #.# #.#.#
#.# #.#.# #.#
#.#.# #.# #.#.#
#.########.#'##


There were no monsters in sight!

Vanquished Creatures
  Pikel (D:5)
  A gargoyle (D:10)
  2 hippogriffs (D:7)
  7 yaks
  4 hogs (D:8)
  A human (D:8)
  A floating eye (D:9)
  2 orc warriors (D:7)
  2 phantoms
  An ice beast (D:5)
  A slave (D:5)
  2 ogres
  3 centaurs
  A bullfrog (D:8)
  An elf zombie (Ossuary)
  A gnoll sergeant (D:9)
  A scorpion (D:9)
  A water moccasin skeleton (D:6)
  A howler monkey (D:9)
  A crimson imp (D:7)
  A bullfrog zombie (D:5)
  A hound (D:5)
  A bullfrog skeleton (D:4)
  A centaur skeleton (D:7)
  4 orc priests
  A jelly (D:8)
  4 orc wizards
  An iguana (D:7)
  6 worker ants
  A hound zombie (Ossuary)
  4 mummies (Ossuary)
  A worker ant zombie (D:3)
  4 gnolls (D:9)
  7 adders
  2 howler monkey skeletons (D:4)
  2 shadow imps
  An adder zombie (Ossuary)
  An adder skeleton (D:6)
  2 worms (D:2)
  A dart slug (D:3)
  5 leopard geckos
  25 orcs
  A ball python (D:3)
  4 giant cockroaches
  A gnoll zombie (Ossuary)
  7 goblins
  7 hobgoblins
  6 jackals
  2 kobolds (D:1)
  2 quokkas
  13 bats
  5 frilled lizards
  3 hobgoblin zombies (Ossuary)
  2 jackal zombies (Ossuary)
  A kobold zombie (Ossuary)
  9 rats
  2 rat zombies (Ossuary)
176 creatures vanquished.

Notes
Turn   | Place    | Note
-------+----------+-------------------------------------------
     0 | D:1      | nuthulu the Kobold Berserker began the quest for the Orb.
     0 | D:1      | Reached XP level 1. HP: 14/14 MP: 1/1
    12 | D:1      | Noticed a swamp drake
    12 | D:1      | Noticed an anaconda
    12 | D:1      | Noticed a worker ant
   269 | D:1      | Reached XP level 2. HP: 19/19 MP: 2/2
  1115 | D:2      | Reached XP level 3. HP: 23/23 MP: 3/3
  1394 | D:2      | Reached ** piety under Trog
  1514 | D:2      | Reached XP level 4. HP: 16/29 MP: 4/4
  2873 | D:3      | Noticed an ogre
  3094 | D:3      | Killed an ogre
  3094 | D:3      | Reached XP level 5. HP: 34/34 MP: 5/5
  3381 | D:3      | Reached XP level 6. HP: 34/39 MP: 6/6
  3946 | D:4      | Found a staircase to the Ecumenical Temple.
  4001 | D:4      | Found a sand-covered staircase.
  4010 | Ossuary  | Entered an ossuary
  4079 | Ossuary  | Reached skill level 5 in Fighting
  4127 | Ossuary  | Reached skill level 5 in Dodging
  4708 | Ossuary  | Reached XP level 7. HP: 30/44 MP: 7/7
  4980 | D:4      | Found a snail-covered altar of Cheibriados.
  5445 | D:5      | Entered Level 5 of the Dungeon
  5445 | D:5      | Noticed a yak
  5454 | D:4      | Killed a yak
  5658 | D:5      | Noticed a yak
  5659 | D:5      | Noticed a yak
  5758 | D:4      | Reached skill level 5 in Maces & Flails
  5924 | D:4      | Killed a yak
  5924 | D:4      | Reached XP level 8. HP: 25/52 MP: 8/8
  5927 | D:4      | Killed a yak
  6533 | D:5      | Got an ancient war axe
  7254 | D:5      | Found a radiant altar of Vehumet.
  7750 | D:5      | Reached XP level 9. HP: 52/57 MP: 9/9
  8112 | D:6      | Noticed Pikel
  8217 | D:5      | Killed Pikel
  9922 | D:7      | Noticed a hippogriff
  9934 | D:7      | Killed a hippogriff
 10360 | D:7      | Noticed a hippogriff
 10365 | D:7      | Killed a hippogriff
 10365 | D:7      | Reached XP level 10. HP: 63/65 MP: 10/10
 11952 | D:9      | Noticed an oklob plant
 11966 | D:9      | Paralysed by a floating eye for 4 turns
 11984 | D:9      | Noticed an oklob plant
 12067 | D:9      | Found a transporter.
 12069 | D:9      | Noticed a wizard
 12070 | D:9      | Noticed Porterhouse's ghost (novice OpAs)
 12071 | D:9      | Found a transporter.
 12324 | D:9      | Found a staircase to the Lair.
 12466 | D:10     | Entered Level 10 of the Dungeon
 12466 | D:10     | Found a bloodstained altar of Trog.
 12475 | D:10     | Noticed a gargoyle
 12481 | D:10     | Killed a gargoyle
 12550 | D:10     | Slain by a vampire

Skill      XL: |  1  2  3  4  5  6  7  8  9 10 |
---------------+-------------------------------+-----
Maces & Flails | 3 4 5 6 8 9 |  9.6
Dodging        | 3 4 5 6 7 8 9 |  9.9
Fighting       | 4 5 6 7 8 9 |  9.4
Armour         | |  1.8

Action                   |  1- 3 |  4- 6 |  7- 9 | 10-12 || total
-------------------------+-------+-------+-------+-------++-------
Melee: Mace              |   119 |   272 |    74 |       ||   465
       Morningstar       |       |       |   259 |   194 ||   453
       Whip              |       |       |    59 |       ||    59
Invok: Berserk           |       |     3 |     5 |     1 ||     9
       Trog's Hand       |       |     7 |     8 |     2 ||    17
  Use: Scroll            |     4 |     9 |     8 |     1 ||    22
       Potion            |       |     1 |     1 |     4 ||     6
  Eat: Chunk             |    10 |    12 |    30 |     8 ||    60
Armor: Animal skin       |    13 |       |       |       ||    13
       Plate armour      |    75 |   321 |   241 |    93 ||   730
       Ring mail         |     2 |       |       |       ||     2
Dodge: Dodged            |   111 |   290 |   229 |    84 ||   714
